[Event "Titled Tuesday Blitz August 08 Early 2023"]
[White "Putri, Regita Desyari"]
[Black "Gatterer, Florian"]
[WhiteFideId "7109083"]
[BlackFideId "811688"]
[WhiteElo "2142"]
[BlackElo "2359"]
[Result "1-0"]
[Round "3"]
[TimeControl "180+1"]
[Date "2023.08.08"]
[WhiteClock "0:00:03"]
[BlackClock "0:00:21"]
[Board "254"]

1. d4 Nf6 2. c4 g6 3. Nf3 Bg7 4. g3 c6 5. Bg2 d5 6. cxd5 cxd5 7. O-O O-O 8. Nc3 Ne4 9. Qb3 Nxc3 10. bxc3 Nc6 11. Bf4 Na5 12. Qb4 Nc6 13. Qb2 b6 14. Rfd1 Ba6 15. Ne5 Nxe5 16. dxe5 e6 17. e4 g5 18. Be3 Bxe5 19. exd5 Qf6 20. Bd4 Bxd4 21. Rxd4 Bb7 22. Qd2 Rad8 23. c4 exd5 24. cxd5 Rd6 25. Rd1 Kh8 26. Rg4 h6 27. h4 Rg8 28. hxg5 hxg5 29. Rc4 Rc8 30. Rxc8+ Bxc8 31. Qc2 Bg4 32. Re1 Kg7 33. Qc7 Rd7 34. Qc4 Bf5 35. a4 Rd6 36. Qc7 Rd7 37. Qb8 Qd6 38. Qe8 Rd8 39. Qe3 Qf6 40. Rc1 Kg6 41. a5 bxa5 42. Qxa7 Qb2 43. Rc6+ Kg7 44. Qe3 f6 45. Qe7+ Kg6 46. Qxd8 Qb1+ 47. Kh2 Qb2 48. Qg8+ Kh5 49. Qh8+ Kg4 50. Rxf6 Qxf6 51. Qh3# 1-0


[Site "https://www.chess.com"]

[Event "Titled Tuesday Blitz August 08 Early 2023"]
[White "Haukenfrers, Dale"]
[Black "Amanov, Zhanibek"]
[WhiteFideId "2603780"]
[BlackFideId "13700189"]
[WhiteElo "2106"]
[BlackElo "2352"]
[Result "1-0"]
[Round "3"]
[TimeControl "180+1"]
[Date "2023.08.08"]
[WhiteClock "0:00:19"]
[BlackClock "0:00:00"]
[Board "255"]

1. c3 c6 2. f3 f6 3. Qc2 Qc7 4. g4 e5 5. e4 d5 6. d3 Be6 7. Ne2 Nd7 8. Bg2 O-O-O 9. b4 h5 10. h3 hxg4 11. fxg4 dxe4 12. Bxe4 Bd5 13. Be3 Bxe4 14. dxe4 c5 15. b5 Nb6 16. Nd2 c4 17. a4 Bc5 18. Nf1 Bxe3 19. Nxe3 Rd3 20. Qc1 Qc5 21. Kf2 Ne7 22. a5 Nd7 23. h4 Ng6 24. h5 Nf4 25. Ng3 Ng2 26. Kxg2 Qxe3 27. Qxe3 Rxe3 28. Nf5 Rxc3 29. Rac1 Rd3 30. Rxc4+ Kb8 31. Nxg7 Nf8 32. Rhc1 Rd8 33. Kg3 Nh7 34. R1c3 Ng5 35. Nf5 Rc8 36. Rxc8+ Rxc8 37. Rxc8+ Kxc8 38. h6 Nxe4+ 39. Kh4 Ng5 40. Kh5 e4 41. Kg6 Kd7 42. Kxf6 Nh7+ 43. Ke5 e3 44. Nxe3 Ke7 45. a6 b6 46. Nd5+ Kf7 47. Nxb6 Nf6 48. g5 Ne8 49. Nd5 1-0


[Site "https://www.chess.com"]

[Event "Titled Tuesday Blitz August 08 Early 2023"]
[White "Pumpkin_in_moonlight"]
[Black "Bures, Vit"]
[BlackFideId "309052"]
[WhiteElo "2097"]
[BlackElo "2347"]
[Result "1/2-1/2"]
[Round "3"]
[TimeControl "180+1"]
[Date "2023.08.08"]
[WhiteClock "0:00:13"]
[BlackClock "0:00:40"]
[Board "256"]

1. e4 e5 2. Nf3 Nc6 3. Bc4 Bc5 4. d3 Nf6 5. Nc3 h6 6. a3 a6 7. Be3 Bxe3 8. fxe3 O-O 9. Qd2 d6 10. Ne2 Be6 11. Bxe6 fxe6 12. O-O Ne7 13. c4 Ng6 14. b4 c6 15. Nc3 d5 16. exd5 exd5 17. cxd5 cxd5 18. d4 Ne4 19. Nxe4 dxe4 20. Qa2+ Kh8 21. Nxe5 Nxe5 22. dxe5 Qd3 23. Rxf8+ Rxf8 24. Re1 Qc3 25. Qa1 Rc8 26. Qxc3 Rxc3 27. Rd1 Kg8 28. Rd7 b5 29. e6 Kf8 30. Rf7+ Kg8 31. Ra7 Kf8 32. Rxa6 Rxe3 33. Kf2 Rc3 34. a4 bxa4 35. b5 Rb3 36. b6 Ke7 37. Rxa4 e3+ 38. Ke2 Kxe6 39. Re4+ Kf6 40. Rxe3 Rxb6 41. Rf3+ Kg6 42. Rg3+ Kh7 43. Rf3 h5 44. h4 Rb4 45. g3 Kg6 46. Kf2 Kh6 47. Rf5 g6 48. Ra5 Rb2+ 49. Kf3 Rb3+ 50. Kf2 Rb2+ 51. Kf3 Rb3+ 52. Kf2 Rb2+ 1/2-1/2


[Site "https://www.chess.com"]

[Event "Titled Tuesday Blitz August 08 Early 2023"]
[White "Novita, Anjas"]
[Black "Nayak Rajesh"]
[WhiteFideId "7100949"]
[BlackFideId "35017152"]
[WhiteElo "2090"]
[BlackElo "2347"]
[Result "1-0"]
[Round "3"]
[TimeControl "180+1"]
[Date "2023.08.08"]
[WhiteClock "0:00:11"]
[BlackClock "0:00:37"]
[Board "257"]

1. e4 c5 2. Nc3 a6 3. f4 b5 4. g3 Bb7 5. Bg2 h5 6. d3 h4 7. Nh3 Nf6 8. g4 e6 9. Bf3 d5 10. e5 Nfd7 11. Ne2 Qc7 12. d4 Nc6 13. c3 b4 14. Be3 a5 15. f5 a4 16. fxe6 fxe6 17. Nhf4 Ndxe5 18. dxe5 Nxe5 19. O-O Nxf3+ 20. Rxf3 Qf7 21. Rf2 Qd7 22. Ng6 Rg8 23. Ne5 Qc7 24. Bf4 Bd6 25. Ng6 bxc3 26. bxc3 Bc6 27. Bxd6 Qxd6 28. Nef4 O-O-O 29. Rb1 e5 30. Nd3 Qxg6 31. Nxe5 Qe6 32. Qe2 Rge8 33. Qa6+ Bb7 34. Qxb7# 1-0


[Site "https://www.chess.com"]

[Event "Titled Tuesday Blitz August 08 Early 2023"]
[White "Nithyalakshmi, Sivanesan"]
[Black "Lakshmi C"]
[WhiteFideId "5706955"]
[BlackFideId "25035347"]
[WhiteElo "2344"]
[BlackElo "2085"]
[Result "1-0"]
[Round "3"]
[TimeControl "180+1"]
[Date "2023.08.08"]
[WhiteClock "0:00:11"]
[BlackClock "0:00:08"]
[Board "258"]

1. e4 c5 2. Nc3 Nc6 3. f4 g6 4. Nf3 Bg7 5. Bb5 e6 6. Bxc6 bxc6 7. d3 d5 8. O-O Ne7 9. Qe1 Qb6 10. Kh1 Qa6 11. Ng5 O-O 12. Nxh7 Kxh7 13. Qh4+ Kg8 14. Qxe7 c4 15. Rf3 cxd3 16. cxd3 d4 17. Ne2 Qa4 18. b3 Qa5 19. Rh3 Qe1+ 20. Ng1 Qc3 21. f5 exf5 22. Bh6 fxe4 23. Bxg7 Kxg7 24. Qe5+ f6 25. Qc7+ Rf7 26. Rh7+ Kxh7 27. Qxf7+ Kh6 28. Rf1 Bg4 29. Qxf6 Qxd3 30. Qf4+ g5 31. Qd6+ Kh5 32. Rf6 Bd1 33. Rh6+ Kg4 34. h3+ Kf5 35. Qf6# 1-0


[Site "https://www.chess.com"]

[Event "Titled Tuesday Blitz August 08 Early 2023"]
[White "Kriti Mayur Patel"]
[Black "Topalov, Aleksandar"]
[WhiteFideId "35061780"]
[BlackFideId "925659"]
[WhiteElo "2071"]
[BlackElo "2335"]
[Result "0-1"]
[Round "3"]
[TimeControl "180+1"]
[Date "2023.08.08"]
[WhiteClock "0:00:12"]
[BlackClock "0:00:55"]
[Board "259"]

1. e4 e6 2. d4 d5 3. Nc3 Bb4 4. exd5 exd5 5. Bd3 Ne7 6. a3 Bxc3+ 7. bxc3 Bf5 8. Nf3 O-O 9. O-O Nbc6 10. Bg5 f6 11. Bf4 Qd7 12. Rb1 b6 13. Re1 Ng6 14. Bb5 Nxf4 15. Qd2 Ng6 16. c4 a6 17. Ba4 Be4 18. Qe2 b5 19. cxb5 Bxf3 20. Qxf3 Nxd4 21. Qd3 axb5 22. Qxd4 Rxa4 23. Qd3 c6 24. Rbd1 Qg4 25. Kh1 Nf4 26. Qf1 Rxa3 27. Re7 Rc3 28. Rde1 Rxc2 0-1


[Site "https://www.chess.com"]

[Event "Titled Tuesday Blitz August 08 Early 2023"]
[White "Lesbekova, Assel"]
[Black "Maluco_do_Natal_00"]
[WhiteFideId "13713248"]
[WhiteElo "2327"]
[BlackElo "2065"]
[Result "1-0"]
[Round "3"]
[TimeControl "180+1"]
[Date "2023.08.08"]
[WhiteClock "0:02:05"]
[BlackClock "0:00:12"]
[Board "260"]

1. e4 c5 2. Nf3 Nc6 3. Bb5 e6 4. O-O Nge7 5. Re1 a6 6. Bf1 e5 7. c3 Ng6 8. d4 cxd4 9. cxd4 d6 10. Nc3 Be7 11. Be3 O-O 12. Rc1 Re8 13. Nd5 Bf8 14. dxe5 Ngxe5 15. Bb6 Qd7 16. Nc7 Qe7 17. Nxa8 Bg4 18. Nc7 Bxf3 19. gxf3 Qg5+ 20. Bg2 Ng6 21. Be3 1-0


[Site "https://www.chess.com"]

[Event "Titled Tuesday Blitz August 08 Early 2023"]
[White "Mangialardo, Tiago Carvalho"]
[Black "Osinovsky, Stepan"]
[WhiteFideId "2130718"]
[BlackFideId "4157354"]
[WhiteElo "2065"]
[BlackElo "2326"]
[Result "0-1"]
[Round "3"]
[TimeControl "180+1"]
[Date "2023.08.08"]
[WhiteClock "0:00:00"]
[BlackClock "0:00:32"]
[Board "261"]

1. e4 e5 2. Nf3 Nc6 3. Bb5 a6 4. Ba4 Nf6 5. O-O Be7 6. c3 Nxe4 7. Re1 Nc5 8. Bxc6 dxc6 9. Nxe5 Nd3 10. Nxd3 Qxd3 11. Qe2 Qxe2 12. Rxe2 Be6 13. d4 O-O-O 14. Bf4 g5 15. Be5 Rhe8 16. Nd2 f6 17. Bg3 Bf7 18. Rae1 Kd7 19. h4 h6 20. b3 b6 21. c4 Bf8 22. f4 Bb4 23. Rxe8 Bxe8 24. Re2 Bh5 25. Rf2 Re8 26. fxg5 hxg5 27. hxg5 Re1+ 28. Kh2 fxg5 29. Rf5 Bxd2 30. Bxe1 Bxe1 31. Rxg5 Bd1 32. Rf5 Bc3 0-1


[Site "https://www.chess.com"]

[Event "Titled Tuesday Blitz August 08 Early 2023"]
[White "Nikulina, Alena"]
[Black "Spichkin, Alexander"]
[WhiteFideId "4172051"]
[BlackFideId "4144074"]
[WhiteElo "2055"]
[BlackElo "2324"]
[Result "0-1"]
[Round "3"]
[TimeControl "180+1"]
[Date "2023.08.08"]
[WhiteClock "0:00:03"]
[BlackClock "0:01:42"]
[Board "262"]

1. e4 e5 2. Nf3 d5 3. Nxe5 Bd6 4. d4 dxe4 5. Nc4 Nf6 6. Be2 Nc6 7. Nxd6+ Qxd6 8. c3 Be6 9. Nd2 O-O-O 10. Nc4 Bxc4 11. Bxc4 Nd5 12. O-O f5 13. Bxd5 Qxd5 14. b4 a6 15. a4 h5 16. Bf4 Rhg8 17. h4 g6 18. Qe2 Rd7 19. b5 axb5 20. axb5 Nb8 21. Be5 g5 22. c4 Qe6 23. hxg5 Rxg5 24. Ra8 Qg6 25. g3 h4 26. Kg2 hxg3 27. fxg3 Rh5 28. Qa2 Rdh7 29. Rf2 e3 30. Re2 f4 31. Qa7 Qe4+ 32. Kg1 Rh1# 0-1


[Site "https://www.chess.com"]

[Event "Titled Tuesday Blitz August 08 Early 2023"]
[White "Rodriguez Santiago, Jaime"]
[Black "Osiecki, Stanislaw"]
[WhiteFideId "3100898"]
[BlackFideId "1102990"]
[WhiteElo "2324"]
[BlackElo "2009"]
[Result "1-0"]
[Round "3"]
[TimeControl "180+1"]
[Date "2023.08.08"]
[WhiteClock "0:00:16"]
[BlackClock "0:00:11"]
[Board "263"]

1. c4 Nf6 2. Nc3 d6 3. g3 e5 4. Bg2 g6 5. e4 Bg7 6. Nge2 O-O 7. d3 c6 8. O-O a5 9. h3 Nbd7 10. f4 exf4 11. gxf4 Nc5 12. Be3 b6 13. d4 Ne6 14. Qd2 Bd7 15. f5 Nc7 16. Bh6 Nh5 17. Bxg7 Kxg7 18. Rf2 Qh4 19. Raf1 f6 20. fxg6 hxg6 21. e5 fxe5 22. dxe5 Rxf2 23. Rxf2 Qxc4 24. Qxd6 Qe6 25. Qxc7 Rc8 26. Qxb6 Qxe5 27. Qd4 Qxd4 28. Nxd4 c5 29. Ndb5 Bxb5 30. Nxb5 Ng3 31. a4 Nf5 32. Rd2 Ne3 33. Rd7+ Kh6 34. Ra7 Nc4 35. b3 Nd2 36. Bd5 Rd8 37. Nc3 Rb8 38. Rxa5 Nxb3 39. Bxb3 Rxb3 40. Rxc5 Ra3 41. a5 g5 42. Kg2 Kh5 43. Ne4 Ra2+ 44. Kg3 Ra3+ 45. Kg2 Ra2+ 46. Kf1 Kh4 47. Nxg5 Kg3 48. Ke1 Kf4 49. Kd1 Ke3 50. Kc1 Kd4 51. Rf5 Rh2 52. Kb1 Kc3 53. Rb5 Kc4 54. Rf5 Kb3 55. Rf3+ Kb4 56. a6 Rg2 57. a7 Rxg5 58. a8=Q Rb5 59. Kc2 Rc5+ 60. Kd2 Kc4 61. Qa4+ Kd5 62. Rd3+ Ke6 63. Qe8+ Kf5 64. Rf3+ Kg5 65. Qg8+ Kh6 66. Rf6+ Kh5 67. Qg4# 1-0


[Site "https://www.chess.com"]

[Event "Titled Tuesday Blitz August 08 Early 2023"]
[White "Vasques, Antonio Pedro Freixial"]
[Black "Wisniowski, Natalie"]
[WhiteFideId "1908332"]
[BlackFideId "30929261"]
[WhiteElo "2317"]
[BlackElo "2001"]
[Result "1-0"]
[Round "3"]
[TimeControl "180+1"]
[Date "2023.08.08"]
[WhiteClock "0:00:11"]
[BlackClock "0:00:00"]
[Board "264"]

1. Nf3 d5 2. g3 c5 3. Bg2 Nc6 4. a3 Nf6 5. O-O Bg4 6. c4 e5 7. cxd5 Nxd5 8. Nc3 Nf6 9. b4 Bd6 10. Qa4 O-O 11. Bb2 cxb4 12. axb4 Nxb4 13. Nxe5 Bxe5 14. Qxb4 Qxd2 15. Rfd1 Qh6 16. Ra5 Bc7 17. Rb5 Bb6 18. Bc1 Qg6 19. Rg5 Qc2 20. Qb2 Qxb2 21. Bxb2 Be6 22. Ne4 Nxe4 23. Rxg7+ Kh8 24. Bxe4 1-0


[Site "https://www.chess.com"]

[Event "Titled Tuesday Blitz August 08 Early 2023"]
[White "Pavlidou, Ekaterini"]
[Black "Tharushi, T H D Niklesha"]
[WhiteFideId "4213262"]
[BlackFideId "9918264"]
[WhiteElo "2316"]
[BlackElo "1996"]
[Result "1-0"]
[Round "3"]
[TimeControl "180+1"]
[Date "2023.08.08"]
[WhiteClock "0:01:58"]
[BlackClock "0:02:36"]
[Board "265"]

1. d4 Nf6 2. c4 e6 3. Nc3 Bb4 4. e3 O-O 5. Nf3 d6 6. Bd2 Qe7 7. a3 Bxc3 8. Bxc3 Nbd7 9. Qc2 Re8 10. Be2 e5 11. O-O-O e4 12. Nd2 c6 13. g4 d5 14. g5 Nb6 15. gxf6 Qxf6 16. c5 Qxf2 17. Nf1 Nd7 18. Be1 Qf6 19. Ng3 Nf8 20. Rf1 Qh6 21. Bh5 Qxe3+ 22. Bd2 Qxd4 23. Bxf7+ Kh8 24. Bxe8 Bg4 25. Rxf8# 1-0


[Site "https://www.chess.com"]

[Event "Titled Tuesday Blitz August 08 Early 2023"]
[White "Saim, Mohamed Ilias"]
[Black "Valle Maytin, Luis Enrique"]
[WhiteFideId "7900465"]
[BlackFideId "3503666"]
[WhiteElo "1979"]
[BlackElo "2316"]
[Result "0-1"]
[Round "3"]
[TimeControl "180+1"]
[Date "2023.08.08"]
[WhiteClock "0:00:12"]
[BlackClock "0:00:45"]
[Board "266"]

1. c4 c5 2. g3 Nc6 3. Bg2 g6 4. Nc3 Bg7 5. Nf3 d6 6. O-O e5 7. Ne1 Nge7 8. Nc2 Be6 9. d3 Qd7 10. Ne3 h5 11. Ned5 h4 12. e4 Nd4 13. Bg5 Nxd5 14. Nxd5 Bxd5 15. cxd5 f6 16. Be3 f5 17. Bxd4 cxd4 18. Rc1 Bh6 19. Rc4 hxg3 20. fxg3 Be3+ 21. Kh1 f4 22. g4 Rh4 23. h3 Ke7 24. Qc2 Qxg4 25. Rc7+ Kf6 26. Rf3 Rah8 27. Rxb7 Rxh3+ 28. Rxh3 Rxh3+ 29. Bxh3 Qxh3+ 30. Qh2 Qf1+ 31. Qg1 Qxg1# 0-1


[Site "https://www.chess.com"]

[Event "Titled Tuesday Blitz August 08 Early 2023"]
[White "Dong Khanh Linh"]
[Black "Castillo Pena, Patricia Evarista"]
[WhiteFideId "12403040"]
[BlackFideId "6412106"]
[WhiteElo "2314"]
[BlackElo "1939"]
[Result "1-0"]
[Round "3"]
[TimeControl "180+1"]
[Date "2023.08.08"]
[WhiteClock "0:00:43"]
[BlackClock "0:00:00"]
[Board "267"]

1. d4 d5 2. Nf3 Nf6 3. e3 c6 4. c4 e6 5. Nc3 Nbd7 6. Bd3 dxc4 7. Bxc4 b5 8. Bd3 Bb7 9. O-O a6 10. a3 c5 11. e4 cxd4 12. Nxd4 Nc5 13. e5 Nxd3 14. Qxd3 Nd7 15. Qg3 Qc7 16. Bf4 g6 17. Rac1 Qb6 18. Rfd1 Bg7 19. h4 Rd8 20. Nf3 h6 21. Rd6 Qa7 22. Rcd1 Bc8 23. h5 g5 24. Bxg5 hxg5 25. Qxg5 Bf8 26. Ne4 Be7 27. Qg7 Rf8 28. h6 Bxd6 29. Nxd6+ Ke7 30. Qg5+ 1-0


[Site "https://www.chess.com"]

[Event "Titled Tuesday Blitz August 08 Early 2023"]
[White "Kaminski, Victor"]
[Black "Verony64"]
[WhiteFideId "1131630"]
[WhiteElo "2311"]
[BlackElo "1938"]
[Result "1-0"]
[Round "3"]
[TimeControl "180+1"]
[Date "2023.08.08"]
[WhiteClock "0:01:26"]
[BlackClock "0:00:32"]
[Board "268"]

1. e4 d5 2. exd5 Nf6 3. Bb5+ c6 4. dxc6 bxc6 5. Bc4 e5 6. Nf3 Qc7 7. O-O Bc5 8. d4 exd4 9. Re1+ Be7 10. Qxd4 O-O 11. Bf4 Qb7 12. Rxe7 Qxe7 13. Bd6 Qe8 14. Bxf8 Qxf8 15. Nc3 Nbd7 16. Rd1 c5 17. Qd6 Qe8 18. Nb5 Rb8 19. Ng5 Ne5 20. Qxb8 Nxc4 21. Nd6 Nxd6 22. Qxd6 h6 23. Qd8 hxg5 24. Qxe8+ Nxe8 25. Rd8 Kf8 26. Rxc8 Ke7 27. Rxc5 g6 28. Ra5 Nd6 29. Rxa7+ Ke6 1-0


[Site "https://www.chess.com"]

[Event "Titled Tuesday Blitz August 08 Early 2023"]
[White "Wimalasuriya, Kasun M."]
[Black "abelmat"]
[WhiteFideId "9906789"]
[WhiteElo "2305"]
[BlackElo "1920"]
[Result "1-0"]
[Round "3"]
[TimeControl "180+1"]
[Date "2023.08.08"]
[WhiteClock "0:01:16"]
[BlackClock "0:00:00"]
[Board "269"]

1. d4 d5 2. c4 e6 3. Nc3 Nf6 4. Bg5 Be7 5. Nf3 Nbd7 6. e3 h6 7. Bf4 O-O 8. h3 a6 9. c5 c6 10. Be2 b6 11. b4 a5 12. a3 Ba6 13. O-O Bxe2 14. Qxe2 b5 15. e4 dxe4 16. Nxe4 Nd5 17. Bd2 axb4 18. axb4 Qc7 19. Nc3 Bf6 20. Nxd5 exd5 21. Bc3 Ra4 22. Rxa4 bxa4 23. b5 cxb5 24. Qxb5 Nxc5 25. dxc5 Bxc3 26. Qxa4 Qxc5 27. Rc1 d4 28. Qd7 Ra8 29. g4 Rf8 30. Kg2 Qc4 31. Rd1 Qb4 32. Rd3 Qc4 33. Ne5 Qe6 34. Qb5 f6 35. Nf3 Qe4 36. Qc4+ Kh7 37. Rxc3 Qe7 38. Qxd4 Rd8 39. Qf4 Qd7 40. Re3 Kh8 41. Nh4 Qb7+ 42. Qf3 Qf7 43. Nf5 Qg6 44. Re7 Rg8 45. Kg3 h5 46. Qf4 hxg4 47. hxg4 Qh7 48. Qf3 1-0


[Site "https://www.chess.com"]

[Event "Titled Tuesday Blitz August 08 Early 2023"]
[White "sasvathaa"]
[Black "Goswami, Vedant"]
[BlackFideId "5003725"]
[WhiteElo "1897"]
[BlackElo "2305"]
[Result "1-0"]
[Round "3"]
[TimeControl "180+1"]
[Date "2023.08.08"]
[WhiteClock "0:00:37"]
[BlackClock "0:00:00"]
[Board "270"]

1. d4 Nf6 2. Nf3 c5 3. c3 g6 4. Bf4 Bg7 5. e3 b6 6. h3 O-O 7. Be2 Bb7 8. O-O d6 9. Bh2 Nbd7 10. a4 cxd4 11. exd4 Re8 12. Nbd2 e5 13. Bb5 a6 14. dxe5 dxe5 15. Bc4 h6 16. Re1 e4 17. Nd4 Ne5 18. Bb3 Nd3 19. Re3 Nxb2 20. Qc2 Nd3 21. f3 Nc5 22. fxe4 Nxb3 23. N4xb3 Rc8 24. Rae1 Bc6 25. Nd4 Qd7 26. Nxc6 Qxc6 27. c4 Nd7 28. e5 Nc5 29. a5 bxa5 30. Kh1 Ne6 31. Ne4 Qxc4 32. Qxc4 Rxc4 33. Nd6 Rec8 34. Nxc8 Rxc8 35. Ra3 Rc5 36. Rea1 Bxe5 37. Bxe5 Rxe5 38. Rxa5 Re2 39. Rxa6 h5 40. R6a2 Re3 41. Rf1 Kg7 42. Ra7 Ng5 43. h4 Ne4 44. Rfxf7+ Kg8 45. Rg7+ Kf8 46. Rgb7 Ng3+ 47. Kg1 Re8 48. Rh7 Kg8 49. Rhg7+ Kf8 50. Rxg6 Ne2+ 51. Kh2 Nd4 52. Rg5 Re2 53. Rxh5 1-0


[Site "https://www.chess.com"]

[Event "Titled Tuesday Blitz August 08 Early 2023"]
[White "cthake"]
[Black "Zaksaite, Salomeja"]
[BlackFideId "12801496"]
[WhiteElo "1827"]
[BlackElo "2304"]
[Result "0-1"]
[Round "3"]
[TimeControl "180+1"]
[Date "2023.08.08"]
[WhiteClock "0:00:20"]
[BlackClock "0:00:05"]
[Board "271"]

1. c4 Nf6 2. Nc3 g6 3. g3 Bg7 4. Bg2 d6 5. e4 O-O 6. d4 Nc6 7. Nge2 e5 8. d5 Nb8 9. O-O a5 10. h3 Na6 11. Be3 Nc5 12. Qd2 b6 13. Kh2 a4 14. f4 exf4 15. gxf4 Nfd7 16. Nd4 Bb7 17. Rf2 Re8 18. Raf1 Nf6 19. e5 dxe5 20. fxe5 Rxe5 21. Bg5 Rxg5 22. Qxg5 Nh5 23. Qxd8+ Rxd8 24. Rxf7 Be5+ 25. Kg1 Bxd4+ 26. Kh2 Be5+ 27. Kg1 a3 28. Re7 Bd4+ 29. Kh2 axb2 30. Nb1 Rd7 31. Re8+ Kg7 32. Rff8 Ba6 33. Rg8+ Kh6 34. Nd2 Bxc4 35. Re1 Bxa2 36. Rge8 Bxd5 37. Bxd5 Rxd5 38. R8e7 Nd3 39. Rb1 Be5+ 40. Kg1 Ndf4 41. Nf3 Nxh3+ 42. Kg2 N5f4+ 43. Kf1 Bd6 44. Re8 Rd3 45. Ne1 Rg3 46. Rxb2 Rg1# 0-1


[Site "https://www.chess.com"]

[Event "Titled Tuesday Blitz August 08 Early 2023"]
[White "Fajdetic, Hrvoje"]
[Black "Skiadopoulos, Nikolaos"]
[WhiteFideId "14501945"]
[BlackFideId "4200772"]
[WhiteElo "2298"]
[BlackElo "1879"]
[Result "1-0"]
[Round "3"]
[TimeControl "180+1"]
[Date "2023.08.08"]
[WhiteClock "0:00:19"]
[BlackClock "0:00:00"]
[Board "272"]

1. f4 c5 2. e4 d5 3. e5 Nc6 4. Nf3 a6 5. a4 Bg4 6. Be2 Bxf3 7. Bxf3 e6 8. c3 Nge7 9. O-O Nf5 10. Na3 Rc8 11. Nc2 Be7 12. d3 O-O 13. Ne3 Nxe3 14. Bxe3 d4 15. Bf2 dxc3 16. bxc3 Qd7 17. Qe2 Rfd8 18. Be4 Na5 19. Be3 g6 20. g3 Bf8 21. h4 h5 22. g4 hxg4 23. Qxg4 Bg7 24. h5 gxh5 25. Qxh5 Kf8 26. Ra2 Ke7 27. Qg5+ Kf8 28. Rg2 Bh8 29. f5 Bxe5 30. f6 Bxf6 31. Qxf6 Qe7 32. Rg8+ Kxg8 33. Qxe7 1-0


[Site "https://www.chess.com"]

[Event "Titled Tuesday Blitz August 08 Early 2023"]
[White "Carlsen, Magnus"]
[Black "Kushko, Dmitriy"]
[WhiteFideId "1503014"]
[BlackFideId "14162261"]
[WhiteElo "3255"]
[BlackElo "2844"]
[Result "1-0"]
[Round "4"]
[TimeControl "180+1"]
[Date "2023.08.08"]
[WhiteClock "0:00:56"]
[BlackClock "0:00:00"]
[Board "1"]

1. e4 g6 2. d4 Bg7 3. Nc3 d6 4. f4 Nf6 5. Bd3 Nc6 6. Nf3 Bg4 7. Be2 Bxf3 8. Bxf3 e5 9. fxe5 dxe5 10. d5 Nd4 11. O-O c6 12. Kh1 O-O 13. Be3 cxd5 14. Bg5 h6 15. Bxf6 Qxf6 16. Nxd5 Qd8 17. c3 Ne6 18. Be2 Rc8 19. Qa4 Nc5 20. Qxa7 Nxe4 21. Rad1 Nd6 22. Qa3 Rc6 23. Qb4 Kh8 24. a4 f5 25. Bb5 Nxb5 26. Ne7 Rd6 27. Nxg6+ Kg8 28. Qb3+ Rf7 29. axb5 f4 30. Qc2 Rfd7 31. Rxd6 Rxd6 32. h4 Rd2 33. Qf5 Rd1 34. Rxd1 Qxd1+ 35. Kh2 Qe2 36. Ne7+ Kh8 37. Qc8+ 1-0


[Site "https://www.chess.com"]

[Event "Titled Tuesday Blitz August 08 Early 2023"]
[White "Talibov, Shiroghlan"]
[Black "Caruana, Fabiano"]
[WhiteFideId "13429078"]
[BlackFideId "2020009"]
[WhiteElo "2839"]
[BlackElo "3092"]
[Result "0-1"]
[Round "4"]
[TimeControl "180+1"]
[Date "2023.08.08"]
[WhiteClock "0:00:00"]
[BlackClock "0:00:08"]
[Board "2"]

1. e4 c5 2. Nf3 b6 3. d4 cxd4 4. Nxd4 a6 5. c4 Bb7 6. Nc3 e6 7. Be2 Bb4 8. f3 Ne7 9. O-O O-O 10. Be3 Bxc3 11. bxc3 d6 12. Rb1 Nd7 13. a4 Qc7 14. Qb3 Rab8 15. Rfd1 Ng6 16. Qa3 Nc5 17. Nb3 a5 18. Nd4 Bc6 19. Nb5 Bxb5 20. cxb5 Rbd8 21. Rd2 Rfe8 22. Rbd1 h6 23. Bf1 Qe7 24. Bd4 Qg5 25. c4 h5 26. Be3 Qe7 27. Bd3 h4 28. Bc2 e5 29. Rd5 Qf6 30. Qc3 Nf4 31. Qd2 Nfe6 32. Rxd6 Rxd6 33. Qxd6 h3 34. Qxb6 Rc8 35. Kf2 hxg2 36. Bxc5 Rxc5 37. Rd6 Qg5 38. Bd3 g1=Q+ 0-1


[Site "https://www.chess.com"]

[Event "Titled Tuesday Blitz August 08 Early 2023"]
[White "Lysyj, Igor"]
[Black "Fedoseev, Vladimir"]
[WhiteFideId "4150120"]
[BlackFideId "24130737"]
[WhiteElo "2835"]
[BlackElo "3086"]
[Result "0-1"]
[Round "4"]
[TimeControl "180+1"]
[Date "2023.08.08"]
[WhiteClock "0:00:01"]
[BlackClock "0:00:26"]
[Board "3"]

1. d4 Nf6 2. c4 g6 3. Nc3 Bg7 4. e4 d6 5. Nf3 O-O 6. Be3 b6 7. h3 Bb7 8. Bd3 Nbd7 9. O-O e5 10. Bc2 exd4 11. Nxd4 Re8 12. f3 a6 13. Re1 Ne5 14. b3 c6 15. Qd2 b5 16. cxb5 cxb5 17. Rad1 Qc7 18. Nce2 Rac8 19. Bb1 Qe7 20. Ng3 Red8 21. f4 Nc6 22. Nxc6 Bxc6 23. Bd4 h5 24. Qe3 Re8 25. e5 Nd5 26. Qf2 dxe5 27. fxe5 Nc7 28. Bc5 Qg5 29. Rf1 Rxe5 30. Bd6 f5 31. Bxe5 Bxe5 32. Ne2 Ne6 33. Rc1 h4 34. a4 Nd4 35. Bd3 Nxb3 36. Rxc6 Rxc6 37. axb5 axb5 38. Qf3 Rd6 39. Bxb5 Nd2 40. Qa8+ Rd8 41. Qa2+ Kg7 42. Rc1 Qe3+ 43. Kh1 Ne4 0-1


[Site "https://www.chess.com"]

[Event "Titled Tuesday Blitz August 08 Early 2023"]
[White "Bharath Subramaniyam H"]
[Black "Erigaisi Arjun"]
[WhiteFideId "46634827"]
[BlackFideId "35009192"]
[WhiteElo "2833"]
[BlackElo "3079"]
[Result "0-1"]
[Round "4"]
[TimeControl "180+1"]
[Date "2023.08.08"]
[WhiteClock "0:00:00"]
[BlackClock "0:00:21"]
[Board "4"]

1. e4 d6 2. d4 g6 3. Nc3 Bg7 4. Nf3 a6 5. a4 Nc6 6. Be2 Nf6 7. h3 O-O 8. Be3 e5 9. d5 Nb4 10. a5 c5 11. Qd2 b5 12. axb6 Qxb6 13. b3 a5 14. O-O Ba6 15. Bxa6 Qxa6 16. Rfc1 Rfc8 17. Bh6 c4 18. Bxg7 Kxg7 19. Nh4 h6 20. Rd1 Rc7 21. f4 exf4 22. Nf3 cxb3 23. cxb3 Rac8 24. Na4 Qa7+ 25. Kh2 Qe3 26. Qxe3 fxe3 27. e5 Nfxd5 28. exd6 Rd7 29. Nb2 e2 30. Re1 Nc2 31. Nc4 Nxa1 32. Rxa1 Rc5 33. Nfe5 Rd8 34. Nd3 Rb5 35. Re1 Rxb3 36. Nc5 Rc3 37. Nb7 Rd7 38. Nc5 Ra7 39. d7 Ra8 40. Rxe2 Nf6 41. Nb6 Rxc5 42. Nxa8 Nxd7 43. Re7 Nf6 44. Nb6 h5 45. Ra7 h4 46. Na4 Rf5 47. Nb2 Ne4 48. Nc4 Ng3 49. Ne3 Re5 50. Ng4 Re1 51. Nf2 Rf1 52. Rxa5 Rxf2 0-1


[Site "https://www.chess.com"]